 Dungeon Crawl Stone Soup version 0.32-a0-120-gfac0567ad4 (webtiles) character file.

Game seed: 2189163743407768611

285 cowhearter the Slasher (level 6, -2/44 HPs)
             Began as a Demonspawn Gladiator on Feb 7, 2024.
             Slain by a gnoll
             ... wielding a +0 spear
              (7 damage)
             ... on level 4 of the Dungeon.
             The game lasted 00:04:52 (3285 turns).

cowhearter the Slasher (Demonspawn Gladiator)       Turns: 3285, Time: 00:04:53

Health: -2/44      AC:  4    Str: 18    XL:     6   Next: 7%
Magic:  6/6        EV: 15    Int: 11    God:
Gold:   166        SH:  0    Dex: 15    Spells: 5/5 levels left

rFire   . . .        a - +0 long sword
rCold   . . .        (no shield)
rNeg    . . .        q - +2 robe of Vlad {Str+2 Int+3}
rPois   .            (helmet restricted)
rElec   .            (no cloak)
rCorr   .            (no gloves)
SInv    +            (no boots)
Will    .....        (no amulet)
Stlth   +            f - ring of see invisible
HPRegen 0.27/turn    (no ring)
MPRegen 0.10/turn

%: no passive effects
@: no status effects
A: antennae 1, repulsion field 2, powered by pain 1
a: no special abilities


You were on level 4 of the Dungeon.
You visited 1 branch of the dungeon, and saw 4 of its levels.

You collected 166 gold pieces.

Inventory:

Hand Weapons
 a - a +0 long sword (weapon)
Missiles
 d - 3 throwing nets (quivered)
 e - a javelin
 v - 18 poisoned darts
Armour
 b - a +0 leather armour
 c - a +0 helmet
 k - a scarf of invisibility
 q - the +2 robe of Vlad (worn) {Str+2 Int+3}
   (You found it on level 3 of the Dungeon)

   Str+2:     It affects your strength (+2).
   Int+3:     It affects your intelligence (+3).
 s - a +0 pair of gloves
Jewellery
 f - a ring of see invisible (left hand)
Talismans
 r - a storm talisman
Scrolls
 g - 4 scrolls of identify {unknown}
 i - a scroll of blinking {unknown}
 j - a scroll of poison {unknown}
 l - 2 scrolls of teleportation {unknown}
 o - a scroll of enchant armour {unknown}
 p - a scroll of immolation {unknown}
 t - a scroll of torment {unknown}
Potions
 h - 2 potions of curing {unknown}
 m - a potion of enlightenment {unknown}
 n - 3 potions of brilliance {unknown}
 u - 2 potions of degeneration {unknown}
 w - a potion of berserk rage {unknown}
 x - a potion of heal wounds {unknown}


   Skills:
 - Level 2.0 Fighting
 + Level 6.2 Long Blades
 - Level 1.7 Throwing
 - Level 2.6 Dodging


You had 5 spell levels left.
You didn't know any spells.
Your spell library contained the following spells:

 Spells                   Type           Power      Damage    Failure   Level
 Fugue of the Fallen      Necr           0%         N/A       71%         3
 Ozocubu's Armour         Ice            0%         N/A       71%         3
 Manifold Assault         Tloc           0%         N/A       98%         4


Dungeon Overview and Level Annotations

Branches:
Dungeon (4/15)
 Temple: D:4-7

Altars:


Innate Abilities, Weirdness & Mutations

You have a pair of small antennae on your head.
You are surrounded by a moderate repulsion field. (EV +3)
You sometimes gain a little power by taking damage.


Message History

The gnoll attacks as it pursues you! The gnoll barely misses you.
The gnoll attacks as it pursues you!
The gnoll hits you from afar with a +0 spear!
You hit the gnoll.
The gnoll is moderately wounded.
The gnoll hits you but does no damage.
You barely miss the gnoll. You punch the gnoll.
The gnoll is heavily wounded.
The gnoll hits you but does no damage. The gnoll hits you with a +0 club!
You closely miss the gnoll.
The gnoll is heavily wounded.
The gnoll hits you but does no damage. The gnoll misses you.
You closely miss the gnoll.
The gnoll is heavily wounded.
The gnoll barely misses you. The gnoll closely misses you. x2
You slash the gnoll!
You kill the gnoll!
The gnoll hits you from afar with a +0 spear.
The gnoll hits you from afar with a +0 spear.
The gnoll hits you with a +0 spear.
You see here a +0 club.
You hit the gnoll.
The gnoll is moderately wounded.
The gnoll barely misses you. The gnoll hits you with a +0 spear.
The gnoll hits you from afar with a +0 spear.
You barely miss the gnoll.
The gnoll is moderately wounded.
The gnoll barely misses you.
The gnoll hits you from afar with a +0 spear.
* * * LOW HITPOINT WARNING * * *
You slash the gnoll!
The gnoll is severely wounded.
The gnoll hits you with a +0 spear.
* * * LOW HITPOINT WARNING * * *
The gnoll hits you from afar with a +0 spear.
* * * LOW HITPOINT WARNING * * *
You slash the gnoll!
You kill the gnoll!
The gnoll hits you from afar with a +0 spear!
You die...

......## ##### ##...≈≈≈≈≈..
.......## #...# ##..≈≈≈≈≈≈≈≈≈
#....### #...#####..#≈≈≈≈≈≈≈≈≈
###....###..........####≈≈≈≈≈#
##.......#...#...#.#.#≈≈≈≈##
##......###.##.≈##..#≈≈≈##.
###...†.##..#.≈#...#≈≈≈#.#
####.g###.#.≈###.#####.#
#.....g@....≈≈#.........
#....#####..≈≈#####.####
#....# ##..≈≈≈ #.#≈≈≈ .##.
####.# ..≈≈≈ #.#≈≈≈ .#.. ...
.≈≈ #.#≈≈≈ ... ... .≈ #.#≈≈≈
..# .... . #.#≈.. ..# ......
..# .....#..


You could see 2 gnolls.

Vanquished Creatures
  A black bear (D:4)
  A bombardier beetle (D:4)
  A sleepcap (D:4)
  Jessica (D:2)
  2 gnolls (D:4)
  4 adders
  2 dart slugs
  An orc (D:4)
  6 ball pythons
  6 bats
  2 endoplasms
  A giant cockroach (D:2)
  7 hobgoblins
  3 jackals (D:3)
  5 quokkas
  A frilled lizard (D:2)
  8 goblins
  9 kobolds
  2 rats
63 creatures vanquished.

Notes
Turn   | Place    | Note
-------+----------+-------------------------------------------
     0 | D:1      | cowhearter the Demonspawn Gladiator began the quest for the
                  | Orb.
     0 | D:1      | Reached XP level 1. HP: 16/16 MP: 1/1
   134 | D:1      | Reached skill level 3 in Long Blades
   392 | D:1      | Gained mutation: You have a pair of small antennae on your
                  | head. [demonic ancestry]
   392 | D:1      | Reached XP level 2. HP: 22/22 MP: 2/2
  1031 | D:2      | Gained mutation: You are surrounded by a mild repulsion
                  | field. (EV +2) [demonic ancestry]
  1031 | D:2      | Reached XP level 3. HP: 27/27 MP: 3/3
  1150 | D:2      | Noticed Jessica
  1158 | D:2      | Killed Jessica
  1159 | D:2      | Reached skill level 4 in Long Blades
  1526 | D:2      | Gained mutation: You sometimes gain a little power by
                  | taking damage. [demonic ancestry]
  1526 | D:2      | Reached XP level 4. HP: 33/33 MP: 4/4
  2368 | D:3      | Identified the +2 robe of Vlad {Str+2 Int+3}
  2820 | D:4      | Reached skill level 5 in Long Blades
  2837 | D:4      | Gained mutation: You are surrounded by a moderate repulsion
                  | field. (EV +3) [demonic ancestry]
  2837 | D:4      | Reached XP level 5. HP: 38/38 MP: 5/5
  2996 | D:4      | Noticed a black bear
  3006 | D:4      | Killed a black bear
  3007 | D:4      | Reached skill level 6 in Long Blades
  3080 | D:4      | Reached XP level 6. HP: 17/44 MP: 6/6
  3285 | D:4      | Slain by a gnoll

Illustrated notes

Levels and vault maps discovered:
D:1:      ncdulo_wetmaze, layout_basic, chequers_serial_rivers_small_3,
          corexii_item_surrounded_by_moat, minmay_quantized
D:2:      layout_basic, chequers_serial_rivers_micro_d, uniq_jessica
D:3:      layout_loops_corners
D:4:      layout_rooms, serial_curves, eino_curves_03, eino_curves_02,
          grunt_decor_junction

Skill      XL: |  1  2  3  4  5 |
---------------+----------------+-----
Long Blades    | 3 4 5 6 |  6.2
Fighting       | |  2.0
Throwing       | |  1.7
Dodging        | |  2.6

Action                     |  1- 3 |  4- 6 || total
---------------------------+-------+-------++-------
  Melee: Long sword        |    82 |    93 ||   175
         Punch             |     5 |     4 ||     9
   Stab: Sleeping          |       |     2 ||     2
 Armour: Leather armour    |    52 |    27 ||    79
         Robe              |       |    30 ||    30
  Dodge: Dodged            |    66 |    81 ||   147

Table legend: (Time is in decaauts)
 A = Elapsed time spent in this place.
 B = Non-inter-level travel time spent in this place.
 C = Inter-level travel time spent in this place.
 D = Time resting spent in this place.
 E = Time spent auto-exploring this place.
 F = Levels seen in this place.
 G = Mean time per level.
                   A        B        C        D        E       F      G
               +--------+--------+--------+--------+--------+-----+--------+
         Total |   3325 |   3325 |      0 |    311 |   2430 |   4 |  831.2 |
       Dungeon |   3325 |   3325 |      0 |    311 |   2430 |   4 |  831.2 |
               +--------+--------+--------+--------+--------+-----+--------+

Top non-repeatable levels by time:
     D:3: 996 daAuts
     D:2: 983 daAuts
     D:1: 866 daAuts
     D:4: 478 daAuts
